 Dungeon Crawl Stone Soup version 0.31-a0-795-g5eb97db20b (webtiles) character file.

Game seed: 11644564504934056380

4001 greasedhog the Spear-Bearer (level 10, 0/64 HPs)
             Began as a Tengu Fighter on Sept 18, 2023.
             Was a Follower of Okawaru.
             Slain by a kobold
             ... wielding a +0 short sword
              (2 damage)
             ... on level 9 of the Dungeon.
             The game lasted 00:10:56 (7038 turns).

greasedhog the Spear-Bearer (Tengu Fighter)         Turns: 7038, Time: 00:10:56

Health: 0/64       AC: 12    Str: 21    XL:     10   Next: 23%
Magic:  12/12      EV: 25    Int:  9    God:    Okawaru [*.....]
Gold:   400        SH:  4    Dex: 13    Spells: 9/9 levels left

rFire   . . .        a - +0 trident
rCold   . . .        c - +0 buckler
rNeg    . . .        q - +0 plate armour
rPois   .            (helmet restricted)
rElec   .            (no cloak)
rCorr   +            (no gloves)
SInv    .            (boots unavailable)
Will    +....        t - amulet of regeneration Stlth
                     i - ring of resist corrosion
HPRegen 1.10/turn    k - ring of willpower
MPRegen 0.13/turn

%: acrobat
@: lethally poisoned (0 -> -9), acrobatic, flying
A: beak, talons 3, evasive flight, acrobatic
a: Renounce Religion, Heroism


You were on level 9 of the Dungeon.
You worshipped Okawaru.
Okawaru was aware of your devotion.
You visited 2 branches of the dungeon, and saw 10 of its levels.

You collected 400 gold pieces.

Inventory:

Hand Weapons
 a - a +0 trident (weapon)
Armour
 c - a +0 buckler (worn)
 q - a +0 plate armour (worn)
Jewellery
 i - a ring of resist corrosion (left hand)
 k - a ring of willpower (right hand)
 m - a ring of wizardry
 t - an amulet of regeneration (around neck)
 y - a ring of see invisible
 B - a +6 ring of dexterity
 H - a ring of ice
Wands
 u - a wand of acid (1)
 x - a wand of paralysis (2)
 C - a wand of mindburst (12)
Scrolls
 b - 3 scrolls of immolation
 e - 4 scrolls of teleportation
 f - a scroll of noise {unknown}
 h - a scroll of poison {unknown}
 l - 2 scrolls of blinking
 v - a scroll of silence
 z - a scroll of fog
 A - a scroll of amnesia
 E - 2 scrolls of identify
Potions
 d - 5 potions of might
 g - a potion of berserk rage {unknown}
 j - 2 potions of enlightenment
 n - a potion of invisibility {unknown}
 o - a potion of brilliance {unknown}
 p - 4 potions of heal wounds
 r - 3 potions of curing
 s - 2 potions of lignification {unknown}
 w - a potion of cancellation
 D - a potion of resistance {unknown}
 F - a potion of magic {unknown}
 G - a potion of ambrosia {unknown}


   Skills:
 + Level 8.3 Fighting
 * Level 12.4 Polearms
 - Level 5.3 Armour
 - Level 3.0 Shields
 + Level 2.5 Invocations


You had 9 spell levels left.
You didn't know any spells.
Your spell library contained the following spells:

 Spells                   Type           Power      Damage    Failure   Level
 Apportation              Tloc           0%         N/A       100%        1
 Magic Dart               Conj           0%         1d3       100%        1
 Necrotise                Necr           0%         1d4       100%        1
 Cigotuvi's Dreadful Rot  Necr/Pois/Air  0%         N/A       100%        2
 Lesser Beckoning         Tloc           0%         N/A       100%        2
 Sublimation of Blood     Necr           0%         N/A       100%        2
 Dazzling Flash           Conj/Hex       0%         N/A       100%        3
 Frozen Ramparts          Ice            0%         1d1       100%        3
 Gell's Gravitas          Tloc           0%         N/A       100%        3
 Inner Flame              Hex/Fire       0%         N/A       100%        3
 Mephitic Cloud           Conj/Pois/Air  0%         N/A       100%        3
 Teleport Other           Tloc           0%         N/A       100%        3
 Dispel Undead            Necr           0%         3d6       100%        4
 Petrify                  Tmut/Erth      0%         N/A       100%        4
 Agony                    Necr           0%         N/A       100%        5
 Irradiate                Conj/Tmut      0%         3d11      100%        5
 Metabolic Englaciation   Hex/Ice        0%         N/A       100%        5
 Silence                  Hex/Air        0%         N/A       100%        5
 Yara's Violent Unravell  Hex/Tmut       0%         3d3       100%        5
 Enfeeble                 Hex            0%         N/A       100%        7
 Summon Small Mammal      Summ           Unusable   N/A       N/A         1
 Call Imp                 Summ           Unusable   N/A       N/A         2
 Death Channel            Necr           Unusable   N/A       N/A         6

Dungeon Overview and Level Annotations

Branches:
Dungeon (9/15)             Temple (1/1) D:6
   Lair: D:8-11         Orc: D:9-12

Altars:
Ashenzari
Cheibriados
Dithmenos
Elyvilon
Fedhas
Gozag
Hepliaklqana
Kikubaaqudgha
Makhleb
Nemelex Xobeh
Okawaru
Qazlal
Ru
Sif Muna
Trog
Uskayaw
Vehumet
Wu Jian
Xom
Yredelemnul
Zin
The Shining One

Shops:
D:1 (   D:8 :

Annotations:
D:5 3 runed translucent doors, Newt's ghost, weakling DsGl; Shayle's ghost, novice OgHs
D:9 Erica


Innate Abilities, Weirdness & Mutations

You have a beak for a mouth.
You have claws for feet.
Your magical flight helps you evade attacks. (EV +4)
You can magically evade attacks while moving or waiting.


Message History

Your peck misses the acid dragon.
The acid dragon is almost dead.
You block the acid dragon's attack. x2
You closely miss the acid dragon. You claw the acid dragon.
You kill the acid dragon!
Okawaru accepts your kill.
The acid dragon scales are intact enough to wear.
Items here: ( ) [ †.
There is a stone staircase leading down here.
You start waiting.
Done waiting.
You fly downwards.
Level annotation: Erica You block Erica's attack.
Erica says, "Fast and perfect.
Such is my way of killing."
Erica casts a spell at you. The lance of force hits you!!
You are knocked back by the lance of force.
You slam into the stone wall!
Erica misses you.
There is a stone staircase leading up, spattered with blood here.
You puncture Erica! Your kick misses Erica.
Erica is lightly wounded.
The kobold throws a stone.
You block the stone.
You closely miss Erica.
Erica is lightly wounded.
Erica hits you with a +1 scimitar of flaming.
Erica burns you.
The kobold throws a stone.
The stone barely misses you.
You barely miss Erica.
Erica is lightly wounded.
Erica casts a spell at you. The lance of force hits you!
You are knocked back by the lance of force.
You slam into the stone wall!
Erica points at you and mumbles some strange words.
The bolt of poison hits you!!
You are poisoned.
* * * LOW HITPOINT WARNING * * *
The kobold hits you with a +0 short sword.
You die...

#.....'....... ..
#.....######.. ..K
#..........#######..O.
#####.................
#........)........
#.................
#.[...............
##K@...............
#.@................
#..................
#.......##+##.....>
#.......# #......
####.......# #......
#..........# #......
#..........#####......
#.....................
#............##'####..


You could see Erica and a kobold.

Vanquished Creatures
  Pikel (D:7)
  A hornet (D:8)
  3 yaks (D:8)
  An acid dragon (D:8)
  A water moccasin (D:4)
  4 orc warriors
  3 sky beasts
  3 ice beasts
  3 ogres
  A centaur (D:5)
  A lemure (D:7)
  2 kobold brigands (D:9)
  2 bullfrogs
  4 scorpions
  5 wights
  5 howler monkeys
  4 orc priests
  2 iguanas
  A sleepcap (D:4)
  4 orc wizards
  5 gnolls (D:5)
  3 adders
  2 shadow imps
  An ufetubus (D:4)
  3 worms
  4 dart slugs
  29 orcs
  6 ball pythons
  4 bats
  11 endoplasms
  6 giant cockroaches
  7 goblins
  6 hobgoblins
  14 kobolds
  2 quokkas
  3 frilled lizards
  4 rats
161 creatures vanquished.

Vanquished Creatures (others)
  A slime creature (D:9)
1 creature vanquished.

Grand Total: 162 creatures vanquished

Notes
Turn   | Place    | Note
-------+----------+-------------------------------------------
     0 | D:1      | greasedhog the Tengu Fighter began the quest for the Orb.
     0 | D:1      | Reached XP level 1. HP: 14/14 MP: 2/2
   107 | D:1      | Reached XP level 2. HP: 15/19 MP: 3/3
   252 | D:1      | Reached skill level 3 in Polearms
   329 | D:1      | Found Tiamost's Antique Weapon Shop.
   417 | D:1      | Reached XP level 3. HP: 23/23 MP: 4/4
   808 | D:2      | Found a sacrificial altar of Ru.
  1006 | D:2      | Reached XP level 4. HP: 29/29 MP: 5/5
  1424 | D:3      | Reached skill level 4 in Polearms
  2135 | D:4      | Noticed an ogre
  2165 | D:3      | Reached XP level 5. HP: 16/34 MP: 6/6
  2606 | D:4      | Killed an ogre
  2607 | D:4      | Reached skill level 5 in Fighting
  2607 | D:4      | Reached skill level 5 in Polearms
  2607 | D:4      | Reached XP level 6. HP: 22/40 MP: 7/7
  2915 | D:4      | Reached skill level 6 in Polearms
  2923 | D:4      | Gained mutation: Your magical flight helps you evade
                  | attacks. (EV +4) [Tengu growth]
  2923 | D:4      | Reached XP level 7. HP: 41/44 MP: 8/8
  3073 | D:4      | Found a glowing golden altar of the Shining One.
  3289 | D:5      | Entered Level 5 of the Dungeon
  3289 | D:5      | Found a sacrificial altar of Ru.
  3428 | D:5      | Found a runed translucent gate.
  3429 | D:5      | Found a runed translucent gate.
  3430 | D:5      | Found a runed translucent gate.
  3581 | D:5      | Reached skill level 7 in Polearms
  3598 | D:4      | Reached skill level 5 in Armour
  3689 | D:5      | Reached XP level 8. HP: 49/49 MP: 9/9
  3867 | D:5      | Reached skill level 8 in Polearms
  3900 | D:5      | Found an opulent altar of Gozag.
  4057 | D:5      | Noticed Newt's ghost (weakling DsGl)
  4058 | D:5      | Noticed Shayle's ghost (novice OgHs)
  4412 | D:6      | Found a staircase to the Ecumenical Temple.
  4469 | Temple   | Entered the Ecumenical Temple
  5003 | D:6      | Reached skill level 9 in Polearms
  5122 | D:7      | Noticed Pikel
  5238 | D:7      | Reached XP level 9. HP: 56/56 MP: 10/10
  5264 | D:7      | Reached skill level 10 in Polearms
  5372 | D:7      | Killed Pikel
  5479 | D:7      | Found a stormy altar of Qazlal.
  5488 | D:7      | Found a blossoming altar of Fedhas.
  5655 | D:7      | Reached skill level 11 in Polearms
  5826 | D:8      | Found a basalt altar of Yredelemnul.
  5827 | D:8      | Found an iron altar of Okawaru.
  5827 | D:8      | Found a hide-covered altar of Uskayaw.
  5828 | D:8      | Found a hazy altar of Hepliaklqana.
  5836 | D:8      | Became a worshipper of Warmaster Okawaru
  5912 | D:8      | Reached skill level 1 in Invocations
  5933 | D:8      | Reached XP level 10. HP: 55/64 MP: 12/12
  5995 | D:8      | Reached * piety under Okawaru
  5996 | D:8      | Reached skill level 12 in Polearms
  6030 | D:8      | Found Eqau's Book Shop.
  6585 | D:9      | Noticed a deep elf pyromancer
  6794 | D:9      | Noticed a two-headed ogre
  6794 | D:9      | Noticed Erica
  7038 | D:9      | HP: 2/64 [Erica/bolt of poison (19)]
  7038 | D:9      | Slain by a kobold

Illustrated notes

Levels and vault maps discovered:
D:1:      erik_arrival_blinker_ship, layout_basic, serial_shops, shop,
          chequers_serial_rivers_micro_c
D:2:      layout_loops_ring, basic_altar, minivault_27
D:3:      layout_rooms, minmay_misc_feat_tiny, st_stairs_10
D:4:      layout_loops_corners, amcnicky_altar_gilded
D:5:      layout_basic, grunt_gozag_breadcrumbs, nicolae_ru_awakened_eye,
          gammafunk_ghost_cemetery
D:6:      layout_gridville, minmay_temple_entry_arrows
D:7:      layout_cave_pools, grunt_temple_overflow_forces_of_nature, uniq_pikel
D:8:      layout_loops_ring, chequers_temple_overflow_statue_of_worship,
          nicolae_stop_n_shop_1
D:9:      minmay_curly_fans, layout_irregular_city, uniq_erica
Temple:   nicolae_temple_bog_church

Skill      XL: |  1  2  3  4  5  6  7  8  9 10 |
---------------+-------------------------------+-----
Polearms       | 3 4 5 6 7 9 11 12 | 12.4
Fighting       | 4 5 6 8 |  8.3
Armour         | 4 5 |  5.3
Invocations    | 1 2 |  2.5
Shields        | |  3.0

Action                     |  1- 3 |  4- 6 |  7- 9 | 10-12 || total
---------------------------+-------+-------+-------+-------++-------
  Melee: Trident           |    67 |   139 |   327 |    81 ||   614
         Peck              |    11 |    19 |    65 |    13 ||   108
         Kick              |    16 |    31 |    85 |    20 ||   152
  Evoke: Wand              |       |     1 |     1 |       ||     2
    Use: Scroll            |       |       |    11 |       ||    11
 Armour: Scale mail        |    26 |       |       |       ||    26
         Plate armour      |       |    74 |   165 |    46 ||   285
  Dodge: Dodged            |    20 |    22 |   103 |    53 ||   198
  Block: Buckler           |     5 |    16 |    50 |    20 ||    91

Table legend: (Time is in decaauts)
 A = Elapsed time spent in this place.
 B = Non-inter-level travel time spent in this place.
 C = Inter-level travel time spent in this place.
 D = Time resting spent in this place.
 E = Time spent auto-exploring this place.
 F = Levels seen in this place.
 G = Mean time per level.
                   A        B        C        D        E       F      G
               +--------+--------+--------+--------+--------+-----+--------+
         Total |   7006 |   6657 |    349 |    787 |   4479 |  10 |  700.6 |
       Dungeon |   6955 |   6634 |    321 |    787 |   4458 |   9 |  772.8 |
        Temple |     50 |     22 |     28 |      0 |     21 |   1 |   50.0 |
               +--------+--------+--------+--------+--------+-----+--------+

Top non-repeatable levels by time:
     D:4: 1112 daAuts
     D:8: 1029 daAuts
     D:3: 940 daAuts
     D:5: 936 daAuts
     D:6: 836 daAuts
     D:1: 668 daAuts
     D:2: 650 daAuts
     D:7: 541 daAuts
     D:9: 238 daAuts
  Temple: 50 daAuts
